 Dungeon Crawl Stone Soup version 0.28-a0-1002-gf00fe891ef (webtiles) character file.

Game seed: 9982061826622609483

2674 croobank the Cleaver (level 9, -3/58 (63) HPs)
             Began as an Octopode Cinder Acolyte on Dec 6, 2021.
             Was a High Priest of Ignis.
             Slain by a wight (5 damage)
             ... on level 6 of the Dungeon.
             The game lasted 00:44:32 (9002 turns).

croobank the Cleaver (Octopode Cinder Acolyte)      Turns: 9002, Time: 00:44:32

HP:   -3/58 (63)    AC:  1    Str: 25    XL:     9   Next: 63%
MP:   17/17         EV: 12    Int: 16    God:    Ignis [*****.]
Gold: 189           SH:  0    Dex: 14    Spells: 15/19 levels left

rFire   + . .      SeeInvis .   a - +1 hand axe (elec)
rCold   + . .      Faith    .   (no shield)
rNeg    . . .      Spirit   .   (helmet restricted)
rPois   .          Reflect  .   t - amulet of magic regeneration
rElec   .          Harm     .   f - +6 ring of strength
rCorr   +          Rampage  .   k - +6 ring of strength
Will    .....                   C - ring of resist corrosion
Stlth   +++.......              (no ring)
HPRegen 0.19/turn               (no ring)
MPRegen 0.55/turn               (no ring)
                                (no ring)
                                (no ring)

@: drained
A: almost no armour, amphibious, 8 rings, camouflage 1, gelatinous body 1,
(nimble swimmer 1), tentacles, agile 1, cold resistance 1
a: Renounce Religion, Fiery Armour, Foxfire Swarm, Rising Flame


You were on level 6 of the Dungeon.
You worshipped Ignis.
Ignis was extremely pleased with you.
You visited 1 branch of the dungeon, and saw 7 of its levels.

You collected 303 gold pieces.
You spent 114 gold pieces at shops.

Inventory:

Hand Weapons
 a - a +1 hand axe of electrocution (weapon)
 n - a +0 morningstar
 q - a +0 trident
 s - a +2 dagger of venom
 A - a +4 falchion
Missiles
 b - 162 stones
 e - 112 arrows
 i - 31 poisoned darts
 o - a throwing net
 r - 5 boomerangs of dispersal
 v - 23 sling bullets
 y - 6 atropa-tipped darts (quivered)
 z - 37 bolts
Magical Staves
 m - a staff of cold
Jewellery
 f - a +6 ring of strength (left tentacle)
 k - a +6 ring of strength (right tentacle)
 t - an amulet of magic regeneration (around mantle)
 C - a ring of resist corrosion (on tentacle)
Wands
 p - a wand of paralysis (6)
Scrolls
 d - 2 scrolls of enchant weapon {unknown}
 j - 2 scrolls of immolation
 u - a scroll of blinking {unknown}
 w - a scroll of fog {unknown}
 x - a scroll of amnesia
 B - 3 scrolls of teleportation
Potions
 c - a potion of curing
 g - 2 potions of resistance
 h - 2 potions of brilliance
 l - a potion of mutation


   Skills:
 - Level 6.3 Fighting
 - Level 8.8 Axes
 - Level 0.7 Dodging
 - Level 3.1 Stealth
 - Level 5.5 Spellcasting
 + Level 2.2 Transmutations
 - Level 4.8 Fire Magic


You had 15 spell levels left.
You knew the following spells:

 Your Spells              Type           Power      Damage    Failure   Level
a - Scorch                Fire           40%        2d7       3%          2
b - Wereblood             Tmut           11%        N/A       9%          2

Your spell library contained the following spells:

 Spells                   Type           Power      Damage    Failure   Level
 Corpse Rot               Necr/Air       8%         N/A       22%         2
 Sublimation of Blood     Necr           4%         N/A       22%         2
 Dazzling Flash           Conj/Hex       8%         N/A       41%         3
 Gell's Gravitas          Tloc           4%         N/A       41%         3
 Lesser Beckoning         Tloc           4%         N/A       41%         3
 Teleport Other           Tloc           4%         N/A       41%         3
 Dispel Undead            Necr           4%         3d7       82%         4
 Agony                    Necr           4%         N/A       99%         5
 Silence                  Hex/Air        2%         N/A       99%         5
 Death Channel            Necr           2%         N/A       100%        6
 Summon Hydra             Summ           2%         N/A       100%        7


Dungeon Overview and Level Annotations

Branches:
Dungeon (7/15)             Temple (0/1) D:5

Altars:
Ashenzari
Hepliaklqana
Nemelex Xobeh
Uskayaw
Yredelemnul

Shops:
D:6 ?

Annotations:
D:6 2 transporters, IdlyInterested's ghost, novice DsBe


Innate Abilities, Weirdness & Mutations

You cannot wear most types of armour.
You are amphibious.
You can wear up to eight rings at the same time.
Your skin changes colour to match your surroundings (Stealth+).
Your rubbery body absorbs attacks. (AC +1, EV +1)
((You are camouflaged near water. (Stealth+)))
You have tentacles for arms and can constrict up to eight enemies at once.
You are agile. (Dex +2)
Your flesh is cold resistant. (rC+)


Message History

You see here a +0 robe.
A black bear comes into view.
Okay, then.
There is a stone staircase leading up here.
Okay, then.
Okay, then.
The wight hits you from afar with a +0 halberd.
You feel drained. The black bear bites you! The black bear misses you.
The black bear claws you.
You climb upwards.
Level annotation: 2 transporters, IdlyInterested's ghost, novice DsBe
There is a stone staircase leading down here.
You slash the black bear!
Lightning courses through the black bear!
You grab the black bear. You squeeze the black bear.
You kill the black bear!
Your life force feels restored.
Your Transmutations skill increases to level 2!
You climb downwards.
The wight hits you with a +0 scimitar!
There is a stone staircase leading up here.
The wight hits you with a +0 scimitar!
You climb upwards.
Level annotation: 2 transporters, IdlyInterested's ghost, novice DsBe
There is a stone staircase leading down here.
You closely miss the wight. You grab the wight. You squeeze the wight.
The wight is moderately damaged.
You constrict the wight. The wight hits you with a +0 scimitar!
* * * LOW HITPOINT WARNING * * *
You feel drained.
* * * LOW HITPOINT WARNING * * *
You release your grip on the wight.
You see here a black bear corpse.
Okay, then.
Press: ? - help, v - describe, . - travel
Here: a wight, wielding a +0 scimitar and wearing a +0 robe (moderately damaged)
The floor.
You feel better. The wight hits you with a +0 scimitar!
* * * LOW HITPOINT WARNING * * *
You feel drained.
You die...

#### #..# #8.# #..#
#∩.# #..#######
#<.......######
########.##....z@....#
........8...#.#....#.##
..............##......#
..................#...#
#.######.....####.#.#.#
#.#.......#.#†.##.#.#.#
.............>......#.#
....###....##.###.###.#
##########.#....#...#.#


You could see a wight.

Vanquished Creatures
  A cyclops (D:6)
  Maggie (D:7)
  Eustachio (D:5)
  Menkaure (D:7)
  Duvessa (D:5)
  3 water moccasins
  2 black bears (D:6)
  A sky beast (D:7)
  2 ogres
  A gnoll sergeant (D:6)
  Dowan (D:5)
  2 water moccasin skeletons
  2 wights (D:7)
  A bullfrog zombie (D:6)
  4 hounds
  A jelly (D:5)
  4 orc priests (D:7)
  A bullfrog skeleton (D:6)
  Ijyb (D:5)
  3 iguanas
  An orc wizard (D:7)
  A howler monkey skeleton (D:5)
  3 gnolls (D:6)
  3 adders
  A shadow imp (D:5)
  A white imp (D:6)
  An ufetubus (D:7)
  An adder skeleton (D:4)
  6 worms
  3 dart slugs
  11 orcs
  8 bats
  3 endoplasms
  A giant cockroach (D:1)
  6 goblins
  6 hobgoblins
  5 quokkas
  5 ball pythons
  3 frilled lizards
  6 kobolds
  6 rats
  A spectral kobold (D:1)
116 creatures vanquished.

Notes
Turn   | Place    | Note
-------+----------+-------------------------------------------
     0 | D:1      | croobank the Octopode Cinder Acolyte began the quest for
                  | the Orb.
     0 | D:1      | Reached XP level 1. HP: 16/16 MP: 2/2
   632 | D:1      | Reached XP level 2. HP: 19/21 MP: 3/3
  1216 | D:1      | Found a faded altar of an unknown god.
  1683 | D:2      | Reached XP level 3. HP: 21/26 MP: 4/4
  2702 | D:3      | Found a basalt altar of Yredelemnul.
  2898 | D:3      | Reached skill level 1 in Stealth
  3265 | D:3      | Reached XP level 4. HP: 32/32 MP: 5/5
  3442 | D:3      | Found a hazy altar of Hepliaklqana.
  3770 | D:4      | Reached skill level 4 in Axes
  3770 | D:4      | Reached XP level 5. HP: 37/37 MP: 6/6
  4016 | D:4      | Found a sparkling altar of Nemelex Xobeh.
  4017 | D:4      | Noticed an ogre
  4931 | D:4      | Killed an ogre
  4932 | D:4      | Reached XP level 6. HP: 32/43 MP: 7/9
  4951 | D:5      | Entered Level 5 of the Dungeon
  4951 | D:5      | Found a staircase to the Ecumenical Temple.
  5019 | D:5      | Noticed a water moccasin
  5028 | D:5      | Killed a water moccasin
  5112 | D:5      | Noticed Ijyb
  5114 | D:5      | Found a broken altar of Ashenzari.
  5120 | D:5      | Killed Ijyb
  5224 | D:5      | Learned a level 2 spell: Scorch
  5267 | D:5      | Noticed Eustachio
  5280 | D:5      | Reached XP level 7. HP: 9/47 MP: 4/11
  5281 | D:5      | Gained mutation: One of your tentacles bears a spike.
                  | [potion of mutation]
  5281 | D:5      | Gained mutation: You tend to lose your temper in combat.
                  | [potion of mutation]
  5281 | D:5      | Gained mutation: You are occasionally teleported next to
                  | monsters. [potion of mutation]
  5282 | D:5      | Lost mutation: One of your tentacles bears a spike. [potion
                  | of mutation]
  5282 | D:5      | Lost mutation: You tend to lose your temper in combat.
                  | [potion of mutation]
  5282 | D:5      | Lost mutation: You are occasionally teleported next to
                  | monsters. [potion of mutation]
  5282 | D:5      | Gained mutation: Your flesh is cold resistant. (rC+)
                  | [potion of mutation]
  5282 | D:5      | Gained mutation: You are agile. (Dex +2) [potion of
                  | mutation]
  5307 | D:5      | Killed Eustachio
  5829 | D:5      | Noticed Duvessa
  5829 | D:5      | Noticed Dowan
  5839 | D:5      | Killed Dowan
  5840 | D:5      | Reached skill level 5 in Axes
  5859 | D:5      | Killed Duvessa
  6303 | D:6      | Found a transporter.
  6309 | D:6      | Noticed IdlyInterested's ghost (novice DsBe)
  6312 | D:6      | Found a transporter.
  6364 | D:6      | Reached XP level 8. HP: 49/54 MP: 14/14
  6607 | D:6      | Reached skill level 6 in Axes
  7195 | D:6      | Reached skill level 5 in Fighting
  7343 | D:6      | Found a hide-covered altar of Uskayaw.
  7453 | D:6      | Noticed a cyclops
  7478 | D:6      | Reached skill level 7 in Axes
  7485 | D:6      | Killed a cyclops
  7486 | D:6      | Reached skill level 5 in Spellcasting
  7486 | D:6      | Reached XP level 9. HP: 52/62 MP: 16/16
  7589 | D:6      | Found Vymoqano's Magic Scroll Emporium.
  7594 | D:6      | Bought a scroll of fear for 42 gold pieces
  7594 | D:6      | Bought a scroll of teleportation for 36 gold pieces
  7594 | D:6      | Bought a scroll of teleportation for 36 gold pieces
  7680 | D:7      | Reached skill level 8 in Axes
  8073 | D:7      | Noticed Menkaure
  8087 | D:7      | Killed Menkaure
  8435 | D:7      | Noticed Maggie
  8453 | D:7      | Killed Maggie
  8893 | D:7      | Learned a level 2 spell: Wereblood
  8935 | D:7      | Reached skill level 1 in Transmutations
  9002 | D:6      | HP: 2/60 [wight (14)]
  9002 | D:6      | Slain by a wight

Illustrated notes

Levels and vault maps discovered:
D:1:      dpeg_arrival_stone_temple_mockup, layout_basic,
          dreamdust_ecumenical_altar_drowned_temple
D:2:      layout_basic
D:3:      layout_basic, worldfamousw_hep_ancestral_shrine,
          mainiacjoe_overflow_brackets
D:4:      layout_gridville, lemuel_tele_altar, nicolae_wormholes
D:5:      layout_basic, cheibrodos_ashenzari_chains,
          minmay_temple_entry_crystal_x, uniq_eustachio, uniq_ijyb, uniq_duvessa
D:6:      minmay_chambers_of_fours, layout_basic, nicolae_uskayaw_dance_hall,
          serial_shops, shop_statue, gammafunk_ghost_arena
D:7:      layout_layer_cave, kennysheep_mini_moat, supply_closet_lemuel,
          uniq_maggie, uniq_menkaure, uniq_pikel

Skill      XL: |  1  2  3  4  5  6  7  8  9 |
---------------+----------------------------+-----
Stealth        | 1 2 3 |  3.1
Axes           | 4 5 7 8 |  8.8
Spellcasting   | 2 3 4 5 |  5.5
Fire Magic     | 4 |  4.8
Fighting       | 4 5 6 |  6.3
Transmutations | 2 |  2.2
Dodging        | |  0.7

Action                   |  1- 3 |  4- 6 |  7- 9 || total
-------------------------+-------+-------+-------++-------
Melee: Hand axe          |    86 |    65 |   144 ||   295
       Constrict         |    18 |    20 |    22 ||    60
       Tentacles         |    10 |    20 |    32 ||    62
Throw: Dart              |       |       |     3 ||     3
 Cast: Scorch            |       |     4 |       ||     4
Invok: Fiery Armour      |       |       |     1 ||     1
Evoke: Wand              |       |       |     1 ||     1
  Use: Potion            |     1 |       |     9 ||    10
       Scroll            |       |     4 |     4 ||     8
 Stab: Sleeping          |    10 |     7 |     7 ||    24
       Paralysed         |       |       |     2 ||     2
Armor: Skin              |     7 |     8 |    77 ||    92
Dodge: Dodged            |    51 |    30 |    50 ||   131

Table legend: (Time is in decaauts)
 A = Elapsed time spent in this place.
 B = Non-inter-level travel time spent in this place.
 C = Inter-level travel time spent in this place.
 D = Time resting spent in this place.
 E = Time spent auto-exploring this place.
 F = Levels seen in this place.
 G = Mean time per level.
                   A        B        C        D        E       F      G
               +--------+--------+--------+--------+--------+-----+--------+
         Total |   9015 |   8848 |    167 |   2036 |   5212 |   7 | 1287.9 |
       Dungeon |   9015 |   8848 |    167 |   2036 |   5212 |   7 | 1287.9 |
               +--------+--------+--------+--------+--------+-----+--------+

Top non-repeatable levels by time:
     D:6: 1440 daAuts
     D:1: 1433 daAuts
     D:4: 1367 daAuts
     D:5: 1344 daAuts
     D:7: 1267 daAuts
     D:2: 1197 daAuts
     D:3: 965 daAuts
